Map: Dusk Towers

Players

NoRegreT - Winner!

  • Race: Zerg Zerg
  • League: Grandmaster

RotterdaM

  • Race: Protoss Protoss
  • League: Master

Event: Homestory Cup XII

VOD

Have the link to the VOD?

Description

Time

  • Played on: Dec. 18, 2015, 4:23 p.m.
  • Length: 6:49

All games in this series

Show
View Real Time Build Order
Export as new Build Order

NoRegreT Zerg - Winner!

Build Orders: Pool First 

Get SALT Encoding   

  12  0:02  Drone  
  13  0:07  Drone  
  14  0:16  Extractor  
  14  0:17  Drone  
  14  0:32  Spawning Pool  
  14  0:35  Drone  
  14  0:45  Drone, Extractor  
  15  0:51  Overlord  
  15  1:19  Metabolic Boost, Queen  
  15  1:20  Zergling x2  
  15  1:21  Zergling x2  
  15  1:25  Zergling x2  
  20  1:32  Zergling x2  
  21  1:45  Zergling x2  
  22  1:55  Hatchery  
  22  2:00  Zergling x2  
  22  2:06  Overlord  
  22  2:12  Evolution Chamber  
  21  2:15  Zergling x2  
  21  2:25  Zergling x2  
  21  2:28  Drone x2  
  24  2:35  Drone  
  25  2:39  Drone  
  26  2:59  Drone x3  
  28  3:14  Drone  
  28  3:15  Drone x2  
  28  3:19  Drone  
  28  3:22  Drone  
  28  3:25  Queen  
  31  3:28  Drone  
  31  3:31  Drone  
  33  3:38  Drone  
  34  3:42  Drone  
  34  3:48  Drone  
  35  3:56  Drone, Overlord  
  35  3:59  Extractor  
  35  4:02  Drone  
  36  4:11  Hatchery  
  36  4:12  Drone  
  36  4:14  Queen  
  36  4:16  Drone x3  
  36  4:17  Drone  
  42  4:23  Lair  
  42  4:26  Zergling x2  
  42  4:27  Zergling x2  
  42  4:30  Overlord  
  44  4:35  Overlord  
  44  4:42  Overlord  
  44  4:47  Overlord  
  44  4:49  Zergling x8  
  48  4:53  Queen  
  48  4:57  Zergling x2  
  51  5:04  Spore Crawler  
  51  5:06  Spore Crawler  
  49  5:07  Zergling x6  
  49  5:10  Zergling x2  
  49  5:11  Zergling x2  
  54  5:16  Zergling x4  
  56  5:23  Nydus Network  
  56  5:27  Queen  
  57  5:31  Queen  
  59  5:36  Pneumatized Carapace  
  59  5:42  Overseer  
  57  6:03  Queen  
  55  6:09  Nydus Canal  
  54  6:12  Zergling x6  
  54  6:17  Zergling x10  
  54  6:18  Zergling x6  
  62  6:19  Zergling x4  
  62  6:23  Zergling x4  
  62  6:24  Zergling x2  
  62  6:25  Zergling x2  
  68  6:32  Zergling x2  
Show
View Real Time Build Order
Export as new Build Order

RotterdaM Protoss 

Build Orders:  

Get SALT Encoding   

  12  0:01  Probe (Chrono Boost)  
  13  0:11  Probe (Chrono Boost)  
  14  0:17  Pylon  
  14  0:22  Probe (Chrono Boost)  
  15  0:36  Probe (Chrono Boost)  
  16  0:46  Probe (Chrono Boost)  
  17  1:05  Probe (Chrono Boost)  
  17  1:09  Assimilator  
  17  1:10  Forge  
  18  1:12  Gateway  
  18  1:15  Probe (Chrono Boost)  
  19  1:26  Probe (Chrono Boost)  
  19  1:29  Pylon  
  20  1:36  Probe (Chrono Boost)  
  21  1:43  Photon Cannon  
  22  1:47  Probe (Chrono Boost)  
  22  1:57  Probe (Chrono Boost)  
  22  2:01  Zealot (Chrono Boost)  
  25  2:04  Cybernetics Core  
  25  2:11  Pylon  
  25  2:14  Probe  
  26  2:31  Nexus  
  26  2:33  Probe  
  26  2:35  Assimilator  
  27  2:40  Warp Gate  
  27  2:41  Sentry (Chrono Boost)  
  29  2:45  Probe  
  30  2:51  Photon Cannon  
  30  2:57  Pylon  
  28  3:12  Mothership Core (Chrono Boost)  
  22  3:33  Probe (Chrono Boost)  
  23  3:44  Probe (Chrono Boost)  
  23  3:46  Probe (Chrono Boost)  
  23  3:50  Adept  
  23  3:54  Probe (Chrono Boost)  
  26  3:56  Probe (Chrono Boost)  
  27  4:05  Probe (Chrono Boost)  
  27  4:07  Probe (Chrono Boost)  
  29  4:15  Probe (Chrono Boost)  
  30  4:20  Stargate  
  30  4:23  Probe (Chrono Boost)  
  31  4:26  Probe (Chrono Boost)  
  32  4:33  Probe (Chrono Boost)  
  32  4:36  Probe (Chrono Boost)  
  33  4:44  Probe (Chrono Boost)  
  34  4:47  Probe (Chrono Boost)  
  35  4:55  Probe (Chrono Boost)  
  35  4:57  Probe (Chrono Boost)  
  37  5:04  Phoenix (Chrono Boost)  
  37  5:05  Probe (Chrono Boost)  
  40  5:07  Pylon  
  40  5:08  Probe (Chrono Boost)  
  40  5:12  Assimilator  
  41  5:14  Probe (Chrono Boost)  
  41  5:19  Probe  
  43  5:24  Probe  
  43  5:26  Twilight Council  
  46  5:28  Phoenix (Chrono Boost)  
  46  5:31  Probe  
  46  5:35  Probe  
  48  5:43  Probe  
  48  5:45  Probe  
  48  5:46  Gateway  
  48  5:48  Gateway  
  50  5:55  Probe  
  49  6:05  Probe  
  49  6:07  Probe  
  51  6:14  Phoenix (Chrono Boost)  
  53  6:20  Pylon  
  53  6:22  Pylon  
Tags
 
Add a new tag
Caveats
  • Supply blocks, unpowered buildings, or Contaminate may cause inaccurate times.
  • Supply counts are checked every 10 seconds.